 Dungeon Crawl Stone Soup version 0.27.1-1-g398f81649c (webtiles) character file.

Game seed: 3515773141156843699

236 GameOver the Conjurer (level 6, -7/49 HPs)
             Began as a Naga Hedge Wizard on Sept 6, 2021.
             Mangled by a killer bee (8 damage)
             ... on level 4 of the Dungeon.
             The game lasted 00:06:37 (1965 turns).

GameOver the Conjurer (Naga Hedge Wizard)           Turns: 1965, Time: 00:06:38

Health: -7/49      AC:  3    Str: 12    XL:     6   Next: 6%
Magic:  4/10       EV:  9    Int: 16    God:
Gold:   114        SH:  0    Dex: 11    Spells: 2/11 levels left

rFire    . . .     SeeInvis +   a - +2 short sword (protect)
rCold    . . .     Faith    .   (no shield)
rNeg     . . .     Spirit   .   b - +0 robe
rPois    +         Reflect  .   c - +0 hat
rElec    .         Harm     .   (no cloak)
rCorr    .         Rampage  .   (no gloves)
Will     .....                  (no barding)
Stlth    ++........             (no amulet)
HPRegen  0.16/turn              (no ring)
MPRegen  0.12/turn              (no ring)

@: very slow
A: AC +2, large, see invisible, deformed body, poison resistance, slowness 2,
spit poison 1, naga tail 1
a: Spit Poison


You were on level 4 of the Dungeon.
You visited 1 branch of the dungeon, and saw 4 of its levels.

You collected 114 gold pieces.

Inventory:

Hand Weapons
 a - a +2 short sword of protection (weapon)
Armour
 b - a +0 robe (worn)
 c - a +0 hat (worn)
Scrolls
 e - a scroll of identify {unknown}
 g - a scroll of vulnerability {unknown}
 h - a scroll of magic mapping {unknown}
 i - a scroll of enchant weapon {unknown}
 j - a scroll of fog {unknown}
 l - a scroll of amnesia {unknown}
Potions
 d - 2 potions of heal wounds {unknown}
 f - a potion of curing {unknown}
 k - a potion of lignification {unknown}


   Skills:
 - Level 1.5 Dodging
 + Level 3.0 Stealth
 - Level 3.0 Spellcasting
 * Level 5.8 Conjurations
 - Level 1.0 Summonings
 - Level 1.0 Translocations
 + Level 0.0 Poison Magic


You had 2 spell levels left.
You knew the following spells:

 Your Spells              Type           Power      Damage    Failure   Level
a - Magic Dart            Conj           84%        1d7       1%          1
b - Blink                 Tloc           N/A        N/A       19%         2
d - Mephitic Cloud        Conj/Pois/Air  8%         N/A       26%         3
f - Frozen Ramparts       Ice            4%         1d2       50%         3

Your spell library contained the following spells:

 Spells                   Type           Power      Damage    Failure   Level
 Call Imp                 Summ           5%         N/A       19%         2
 Slow                     Hex            2%         N/A       28%         2
 Conjure Flame            Conj/Fire      11%        6-21      17%         3
 Summon Ice Beast         Ice/Summ       4%         N/A       83%         4
 Ice Form                 Ice/Tmut       2%         N/A       88%         4


Dungeon Overview and Level Annotations

Branches:
Dungeon (4/15)
 Temple: D:4-7

Altars:
Dithmenos
Xom

Shops:
D:1 =(


Innate Abilities, Weirdness & Mutations

Your serpentine skin is tough. (AC +2)
You have supernaturally acute eyesight. (SInv)
Armour fits poorly on your strangely shaped body.
Your system is resistant to poisons. (rPois)
You cover ground very slowly.
You can spit poison.
You have a snake-like lower body.


Message History

Found 26 gold pieces and 19 bolts.
Found a stone staircase leading up.
There is a stone staircase leading up, spattered with blood here.
Casting: Magic Dart (safe; 1% risk of failure)
Confirm with . or Enter, or press ? or * to list all spells.
Aiming: Mephitic Cloud (dangerous; 26% risk of failure)
Press: ? - help, Shift-Dir - straight line, f - you The ball explodes into a vile cloud!
The stinking cloud engulfs you but does no damage.
The stinking cloud engulfs the killer bee but does no damage. x5
You hear a shout! x2
The killer bee stings you but does no damage.
The killer bee barely misses you. The killer bee stings you.
The killer bee is engulfed in noxious fumes.
The killer bee appears confused.
The killer bee barely misses you. The killer bee stings you.
The killer bee barely misses you. The killer bee stings you.
The killer bee barely misses you.
The killer bee is engulfed in noxious fumes.
The killer bee appears confused.
The killer bee completely misses you. The killer bee stings you.
Unknown command.
Casting: Mephitic Cloud (dangerous; 26% risk of failure)
Confirm with . or Enter, or press ? or * to list all spells.
Aiming: Mephitic Cloud (dangerous; 26% risk of failure)
Press: ? - help, Shift-Dir - straight line, f - you The ball explodes into a vile cloud!
The stinking cloud engulfs you but does no damage.
The stinking cloud engulfs the killer bee but does no damage. x5
The killer bee stings you. The killer bee stings you!
* * * LOW HITPOINT WARNING * * *
The killer bee is engulfed in noxious fumes.
The killer bee appears confused.
The killer bee is engulfed in noxious fumes.
The killer bee appears confused.
The killer bee barely misses you.
The killer bee is engulfed in noxious fumes.
The killer bee appears confused.
The killer bee stings you.
* * * LOW HITPOINT WARNING * * *
The killer bee stings you.
* * * LOW HITPOINT WARNING * * *
The killer bee stings you!
You die...

+## #..#. ..##
##.....
...#....... .
##.....$....
..##...........
.......$.......
#..y.....#
#..y@y..#
#....y☼y.##
.....(.....#
.......##..#
....... ....
#..###. .....
... .. <#..# ..
#. ###.#


You could see 5 killer bees.

Vanquished Creatures
  Sigmund (D:3)
  A hound (D:3)
  An adder (D:3)
  3 orcs
  4 ball pythons
  5 bats
  4 endoplasms
  3 goblins
  4 hobgoblins
  2 jackals (D:1)
  4 kobolds
  4 quokkas
  A frilled lizard (D:3)
  2 rats
39 creatures vanquished.

Notes
Turn   | Place    | Note
-------+----------+-------------------------------------------
     0 | D:1      | GameOver the Naga Hedge Wizard began the quest for the Orb.
     0 | D:1      | Reached XP level 1. HP: 15/15 MP: 4/4
    10 | D:1      | Found Maaly's Weapon Shop.
    83 | D:1      | Found a faded altar of an unknown god.
   166 | D:1      | Reached skill level 2 in Conjurations
   166 | D:1      | Reached XP level 2. HP: 22/22 MP: 6/6
   508 | D:1      | Found Ateic's Jewellery Boutique.
  1156 | D:2      | Reached XP level 3. HP: 28/28 MP: 7/7
  1159 | D:2      | Learned a level 2 spell: Blink
  1163 | D:2      | Learned a level 3 spell: Mephitic Cloud
  1202 | D:3      | Found a shimmering altar of Xom.
  1212 | D:3      | Reached skill level 3 in Conjurations
  1215 | D:3      | Found a shadowy altar of Dithmenos.
  1280 | D:3      | Noticed Sigmund
  1506 | D:3      | Killed Sigmund
  1507 | D:3      | Reached skill level 5 in Conjurations
  1507 | D:3      | Reached XP level 4. HP: 23/36 MP: 5/8
  1507 | D:3      | Reached XP level 5. HP: 27/42 MP: 5/9
  1844 | D:3      | Learned a level 3 spell: Frozen Ramparts
  1901 | D:3      | Reached XP level 6. HP: 44/49 MP: 6/10
  1965 | D:4      | HP: 2/49 [killer bee (5)]
  1965 | D:4      | Mangled by a killer bee

Illustrated notes

Levels and vault maps discovered:
D:1:      tarquinn_simple_flora_water_a, layout_loops_ring,
          ebering_ecumenical_altar_mist, serial_shops, nicolae_diamond_shop,
          shop, palyth_stone_intersect
D:2:      layout_loops_cross
D:3:      layout_basic, lemuel_tele_altar, nicolae_overflow_hidden_temple,
          hangedman_decor_points, uniq_sigmund
D:4:      layout_cave_pools, serial_bayou_ford_a, grunt_ministairs_13,
          kennysheep_generic_room_9

Skill      XL: |  1  2  3 |
---------------+----------+-----
Conjurations   | 2 5 |  5.8
Dodging        | |  1.5
Stealth        | |  3.0
Spellcasting   | |  3.0
Summonings     | |  1.0
Translocations | |  1.0

Action                   |  1- 3 |  4- 6 || total
-------------------------+-------+-------++-------
Melee: Short sword       |    20 |     3 ||    23
 Cast: Magic Dart        |    36 |    10 ||    46
       Mephitic Cloud    |     1 |     2 ||     3
 Abil: Spit Poison       |    23 |     8 ||    31
 Stab: Sleeping          |     1 |       ||     1
       Confused          |     1 |       ||     1
Armor: Robe              |     7 |     8 ||    15
Dodge: Dodged            |    17 |    10 ||    27
